 Dungeon Crawl Stone Soup version 0.25-a0-73-g9796ba8d15 (webtiles) character file.

Game seed: 834530288573394730, levelgen mode: deterministic

55 Gargoyl the Skirmisher (level 3, 0/31 HPs)
             Began as a Centaur Abyssal Knight on Nov 6, 2019.
             Was a Believer of Lugonu.
             Succumbed to an adder's poison
             ... on level 2 of the Dungeon.
             The game lasted 00:02:46 (1994 turns).

Gargoyl the Skirmisher (Centaur Abyssal Knight)     Turns: 1994, Time: 00:02:47

Health: 0/31       AC:  8    Str: 14    XL:     3   Next: 67%
Magic:  4/4        EV:  2    Int: 11    God:    Lugonu [**....]
Gold:   84         SH:  0    Dex:  9    Spells: 2/2 levels left

rFire    . . .     SeeInvis +   a - +1 hand axe
rCold    . . .     Gourm    .   (no shield)
rNeg     . . .     Faith    .   e - +0 plate armour
rPois    .         Spirit   .   (no helmet)
rElec    .         Reflect  .   (no cloak)
rCorr    .         Harm     .   (no gloves)
MR       .....                  (no barding)
Stlth    ..........             d - amulet of rage
HPRegen  0.10/turn              f - ring of see invisible
MPRegen  0.09/turn              (no ring)

@: lethally poisoned (0 -> -14), hasted, very quick
A: large, hooves 3, deformed body, speed 2, tough skin 3
a: Depart the Abyss, Bend Space, Renounce Religion, Evoke Berserk Rage


You were on level 2 of the Dungeon.
You worshipped Lugonu.
Lugonu was pleased with you.
You were not hungry.

You visited 1 branch of the dungeon, and saw 2 of its levels.
You visited the Abyss 1 time.

You collected 84 gold pieces.

Inventory:

Hand Weapons
 a - a +1 hand axe (weapon)
Armour
 b - a +0 leather armour
 e - a +0 plate armour (worn)
Jewellery
 d - an amulet of rage (around neck)
 f - a ring of see invisible (left hand)
Scrolls
 g - 2 scrolls of enchant weapon {unknown}
 h - 2 scrolls of identify {unknown}
 i - 2 scrolls of teleportation {unknown}
 k - a scroll of remove curse {unknown}
Comestibles
 c - 5 rations
 l - 2 chunks of flesh


   Skills:
 + Level 3.3 Fighting
 + Level 2.1 Axes
 * Level 1.9 Armour
 * Level 1.3 Dodging
 * Level 2.4 Invocations
 + Level 0.3 Evocations


You had 2 spell levels left.
You didn't know any spells.
Your spell library was empty.

Dungeon Overview and Level Annotations

Branches:
Dungeon (2/15)

Altars:


Innate Abilities, Weirdness & Mutations

You have hooves in place of feet.
Armour fits poorly on your strangely shaped body.
You cover ground very quickly.
You have extremely tough skin. (AC +3)


Message History

You closely miss the adder.
The adder is almost dead.
* * * LOW HITPOINT WARNING * * *
You feel sick. The adder bites you.
* * * LOW HITPOINT WARNING * * *
You miss the adder.
The adder is almost dead.
* * * LOW HITPOINT WARNING * * *
You feel sick. The adder bites you.
* * * LOW HITPOINT WARNING * * *
You are more poisoned.
The adder poisons you! The adder bites you but does no damage.
It was a potion of haste.
You feel yourself speed up.
* * * LOW HITPOINT WARNING * * *
You feel sick. The adder bites you but does no damage.
Unknown command.
Your plate armour prevents you from hitting the adder.
Your kick misses the adder.
The adder is almost dead.
You die...

###..# .#.# ... ..#..##.+.#
#.#.....#.# #.#.#.#)....+.#
#.#.#.#.....#.#
#.#.#.#.#####.#
..#.#.......+.#
#####.#.###.#####.###
......#.# #.# #.@...####..#
......#.###.###S#.........#
.......†........#.#<#########
#####...###.#####.##.........
..........#.# #.##.########
......##.##.# #.##.#
########.##.# #.##.# #.##.#
#.##.# #.##.# #. #.#


You could see an adder.

Vanquished Creatures
  An adder (D:2)
  A worm (D:2)
  A dart slug (D:1)
  3 leopard geckos (D:1)
  6 bats
  3 giant cockroaches
  5 goblins
  2 hobgoblins
  6 kobolds
  2 frilled lizards
  5 rats
35 creatures vanquished.

Notes
Turn   | Place    | Note
-------+----------+-------------------------------------------
     0 | Abyss:1  | Gargoyl the Centaur Abyssal Knight began the quest for the
                  | Orb.
     0 | Abyss:1  | Reached XP level 1. HP: 19/19 MP: 2/2
    35 | Abyss:2  | Found a corrupted altar of Lugonu.
    64 | Abyss:2  | Noticed a smoke demon
    65 | D:1      | Escaped the Abyss
   558 | D:1      | Reached XP level 2. HP: 25/26 MP: 3/3
   562 | D:1      | Reached * piety under Lugonu
   725 | D:1      | Reached skill level 1 in Dodging
   974 | D:1      | Reached XP level 3. HP: 27/31 MP: 4/4
  1866 | D:2      | Reached ** piety under Lugonu
  1993 | D:2      | HP: 1/31 [poisoned by an adder]
  1994 | D:2      | Succumbed to an adder's poison

Levels and vault maps discovered:
D:1:      co_arrival_random_square_maze, layout_loops_ring, minmay_tromino_i2
D:2:      layout_basic, first_ration, patterned_corridor, uniq_sigmund

Skill      XL: |  1  2 |
---------------+-------+-----
Dodging        | 1 |  1.3
Axes           | 2 |  2.1
Fighting       | |  3.3
Armour         | |  1.9
Invocations    | |  2.4
Evocations     | |  0.3

Action                   || total
-------------------------++-------
Melee: Hand axe          ||   131
       Kick              ||    19
Invok: Depart the Abyss  ||     1
 Abil: Evoke Berserk Rag ||     1
  Use: Scroll            ||     1
       Potion            ||     2
  Eat: Chunk             ||     4
Armor: Plate armour      ||   139
Dodge: Dodged            ||     7

Table legend:
 A = Non-vault XP
 B = Vault XP
 C = Vault XP percentage of total XP
 D = Non-vault monster count
 E = Vault monster count
 F = Vault count percentage of total count
                 A         B        C        D         E       F
            +---------+---------+-------+---------+---------+-------
      Total |      76 |       3 |   3.8 |      33 |       2 |   5.7
            +---------+---------+-------+---------+---------+-------
        D:1 |      45 |       3 |   6.2 |      23 |       2 |   8.0
        D:2 |      31 |       0 |   0.0 |      10 |       0 |   0.0
            +---------+---------+-------+---------+---------+-------
